 Dungeon Crawl Stone Soup version 0.22-a0-542-gce4f928 (webtiles) character file.

663 pk666 the Magician (level 7, 32/36 HPs)
             Began as a Deep Elf Fire Elementalist on June 25, 2018.
             Was a Follower of Sif Muna.
             Quit the game on level 5 of the Dungeon.
             The game lasted 00:10:23 (4776 turns).

pk666 the Magician (Deep Elf Fire Elementalist)     Turns: 4776, Time: 00:10:23

Health: 32/36      AC:  2    Str:  5    XL:     7   Next: 31%
Magic:  12/18      EV: 13    Int: 22    God:    Sif Muna [*.....]
Gold:   188        SH:  3    Dex: 21    Spells: 5/18 levels left

rFire    . . .     SeeInvis +   (no weapon)
rCold    . . .     Gourm    .   (no shield)
rNeg     . . .     Faith    .   a - +0 robe
rPois    .         Spirit   .   (no helmet)
rElec    .         Reflect  +   (no cloak)
rCorr    .         Harm     .   (no gloves)
MR       .....                  (no boots)
Stlth    ++........             u - +3 amulet of reflection
HPRegen  0.12/turn              b - +6 ring of dexterity
MPRegen  0.16/turn              v - ring of see invisible

@: no status effects
A: no striking features
a: Divine Energy, Renounce Religion


You were on level 5 of the Dungeon.
You worshipped Sif Muna.
Sif Muna was aware of your devotion.
You were not hungry.

You visited 2 branches of the dungeon, and saw 6 of its levels.

You collected 188 gold pieces.

Inventory:

Armour
 a - a +0 robe (worn)
Jewellery
 b - a +6 ring of dexterity (left hand)
 u - a +3 amulet of reflection (around neck)
 v - a ring of see invisible (right hand)
Wands
 r - a wand of random effects (9)
Scrolls
 f - a scroll of teleportation {unknown}
 h - 2 scrolls of remove curse
 j - a scroll of fog
 k - a scroll of blinking {unknown}
 m - 3 scrolls of identify
 n - a scroll of magic mapping {unknown}
 o - a scroll of enchant weapon {unknown}
 s - a scroll of amnesia {unknown}
 t - a scroll of immolation {unknown}
Potions
 d - a potion of lignification {unknown}
 e - a potion of haste {unknown}
 g - 3 potions of ambrosia
 i - 3 potions of agility
 l - a potion of flight {unknown}
 p - a potion of degeneration {unknown}
 q - 2 potions of curing
Comestibles
 c - 9 rations
 w - 4 chunks of flesh


   Skills:
 - Level 2.4 Dodging
 - Level 2.4 Stealth
 + Level 6.3 Spellcasting
 + Level 5.7 Conjurations
 + Level 5.7 Fire Magic


You had 5 spell levels left.
You knew the following spells:

 Your Spells              Type           Power        Failure   Level  Hunger
a - Flame Tongue          Conj/Fire      ####.        1%          1    None
b - Sticky Flame          Conj/Fire      ####....     9%          4    ###....
c - Conjure Flame         Conj/Fire      ####....     2%          3    #......
z - Fireball              Conj/Fire      ####......   24%         5    #####..

Your spell library contained the following spells:

 Spells                   Type           Power        Failure   Level  Hunger
 Throw Flame              Conj/Fire      ####..       1%          2    None
 Inner Flame              Hex/Fire       ###.....     9%          3    #......


Dungeon Overview and Level Annotations

Branches:
Dungeon (5/15)             Temple (1/1) D:5

Altars:
Cheibriados
Fedhas
Kikubaaqudgha
Makhleb
Nemelex Xobeh
Okawaru
Qazlal
Sif Muna
Trog
Uskayaw
Vehumet
Zin
The Shining One

Shops:
D:5 [

Annotations:
D:4 2 transporters


Message History

Confirm with . or Enter, or press ? or * to list all spells.
Aiming: Flame Tongue (safe; 1% risk of failure)
Press: ? - help, Shift-Dir - straight line, f/p - bullfrog skeleton
Aim: a bullfrog skeleton (almost destroyed)
The flame tongue hits the bullfrog skeleton.
You destroy the bullfrog skeleton!
Sif Muna accepts your kill.
Casting: Flame Tongue (safe; 1% risk of failure)
Confirm with . or Enter, or press ? or * to list all spells.
You can't see any susceptible monsters within range! (Use Z to cast anyway.)
Things that are here:
a shortbow; 13 arrows; a centaur corpse You butcher the centaur corpse.
w - 4 chunks of flesh
Things that are here:
a shortbow; 13 arrows There isn't anything to butcher here.
There isn't anything to butcher here.
Okay, then.
Are you sure you want to abandon this character and quit the game? (Confirm with "yes".)

#.#... #.#.## ## #.#.#<
.. #.#.## #. #.#... . #.
#.#### ..####### #.
#.#.## #.......# #.#
#.#...
#......@####.######.#.##
..(.....................
#.......#.##.######.#.##
≈≈......#.##.######.#.##
≈≈≈.....#.<.........(...
∩.......#.##.######.#.##
≈≈≈######.##.# #.#...
≈≈. #.##. #####.#.## ..
..... #........#


There were no monsters in sight!

Vanquished Creatures
  An ice beast (D:4)
  A howler monkey (D:5)
  An orc priest (D:3)
  A bullfrog skeleton (D:5)
  2 jellies (D:5)
  2 orc wizards
  Natasha (twice) (D:3)
  An iguana (D:5)
  2 worker ants
  A hound skeleton (D:4)
  5 adders
  2 oozes
  An adder skeleton (D:4)
  2 worms (D:2)
  A dart slug (D:4)
  2 leopard geckos (D:1)
  12 orcs
  2 ball pythons
  9 bats
  4 giant cockroaches
  5 hobgoblins
  4 jackals (D:4)
  4 kobolds
  3 quokkas
  A ball python skeleton (D:4)
  8 frilled lizards
  9 goblins
  2 jackal skeletons
  3 rats
93 creatures vanquished.

Vanquished Creatures (others)
  A centaur (D:5)
1 creature vanquished.

Grand Total: 94 creatures vanquished

Notes
Turn   | Place    | Note
-------+----------+-------------------------------------------
     0 | D:1      | pk666 the Deep Elf Fire Elementalist began the quest for the Orb.
     0 | D:1      | Reached XP level 1. HP: 10/10 MP: 6/6
   302 | D:1      | Reached XP level 2. HP: 15/15 MP: 5/8
  1100 | D:2      | Reached XP level 3. HP: 19/19 MP: 7/10
  1727 | D:2      | Found a stormy altar of Qazlal.
  1899 | D:2      | Reached XP level 4. HP: 21/24 MP: 7/11
  2039 | D:2      | Found a sparkling altar of Nemelex Xobeh.
  2042 | D:2      | Found a deep blue altar of Sif Muna.
  2215 | D:3      | Reached skill level 4 in Spellcasting
  2249 | D:3      | Learned a level 4 spell: Sticky Flame
  2253 | D:3      | Learned a level 3 spell: Conjure Flame
  2395 | D:3      | Found a snail-covered altar of Cheibriados.
  2449 | D:3      | Noticed Natasha
  2456 | D:3      | Killed Natasha
  2716 | D:3      | Reached XP level 5. HP: 6/28 MP: 0/13
  2961 | D:3      | Noticed Natasha
  2964 | D:3      | Killed Natasha
  3522 | D:2      | Found a stormy altar of Qazlal.
  3522 | D:2      | Found a glowing golden altar of the Shining One.
  3540 | D:2      | Became a worshipper of Sif Muna the Loreminder
  3593 | D:4      | Learned a level 5 spell: Fireball
  3853 | D:4      | Reached skill level 5 in Spellcasting
  3853 | D:4      | Reached XP level 6. HP: 32/32 MP: 8/15
  3994 | D:4      | Found a transporter.
  4055 | D:4      | Found a transporter.
  4128 | D:4      | Noticed a fire bat
  4337 | D:5      | Entered Level 5 of the Dungeon
  4337 | D:5      | Found a staircase to the Ecumenical Temple.
  4343 | Temple   | Entered the Ecumenical Temple
  4362 | D:5      | Reached skill level 5 in Conjurations
  4362 | D:5      | Reached skill level 5 in Fire Magic
  4552 | D:5      | Noticed an ice beast
  4650 | D:4      | Killed an ice beast
  4650 | D:4      | Reached XP level 7. HP: 27/36 MP: 9/17
  4716 | D:5      | Reached skill level 6 in Spellcasting
  4722 | D:5      | Reached * piety under Sif Muna
  4765 | D:5      | Found Parroetz's Armour Boutique.
  4776 | D:5      | Quit the game

Vault maps used:
D:1:      minmay_arrival_split_and_join
D:2:      nicolae_overflow_hidden_temple, nicolae_qazlal_eye_of_the_storm
D:3:      cheibrodos_helix_gallery, cheibriados_altar_1, minmay_strange_pillars,
          uniq_natasha
D:4:      gammafunk_cloud_chamber, st_stairs_3, corexii_item_surrounded_by_moat
D:5:      kennysheep_mini, lemuel_doored_altar, minmay_temple_entry_mist,
          basic_altar, first_ration, serial_shops, nicolae_shop_waterfront
Temple:   eino_narrow_crystal_temple

Skill      XL: |  1  2  3  4  5  6  7 |
---------------+----------------------+-----
Conjurations   | 2 3 4 5 |  5.7
Spellcasting   | 4 5 6 |  6.3
Fire Magic     | 4 5 |  5.7
Dodging        | |  2.4
Stealth        | |  2.4

Action                   |  1- 3 |  4- 6 |  7- 9 || total
-------------------------+-------+-------+-------++-------
Melee: Unarmed           |     4 |     2 |       ||     6
 Cast: Flame Tongue      |    70 |   108 |    12 ||   190
       Conjure Flame     |       |     2 |     1 ||     3
  Use: Scroll            |       |     5 |       ||     5
  Eat: Chunk             |     2 |     5 |     1 ||     8
       Ration            |       |     1 |       ||     1
Armor: Robe              |     3 |     2 |       ||     5
Dodge: Dodged            |    35 |    14 |     2 ||    51
Block: Other             |       |       |     2 ||     2
       Reflection        |       |       |     2 ||     2

Table legend:
 A = Spawn XP
 B = Non-spawn XP
 C = Spawn XP percentage of total XP
 D = Spawn monster count
 E = Non-spawn monster count
 F = Spawn count percentage of total count
 G = Total turns spent on level
                    A         B        C        D         E        F      G
               +---------+---------+-------+---------+---------+-------+---------
         Total |       0 |     948 |   0.0 |       0 |      94 |   0.0 |  4776
               +---------+---------+-------+---------+---------+-------+---------
           D:1 |       0 |      35 |   0.0 |       0 |      19 |   0.0 |  1097
           D:2 |       0 |      72 |   0.0 |       0 |      23 |   0.0 |  1122
           D:3 |       0 |     212 |   0.0 |       0 |      21 |   0.0 |  1342
           D:4 |       0 |     269 |   0.0 |       0 |      21 |   0.0 |   897
           D:5 |       0 |     360 |   0.0 |       0 |      10 |   0.0 |   316
               +---------+---------+-------+---------+---------+-------+---------
